 Dungeon Crawl Stone Soup version 0.28-a0-863-g8cecda6153 (webtiles) character file.

Game seed: 10947322775747109560

89818 jasper the Brawler (level 15, 0/139 HPs)
             Began as a Ghoul Fighter on Nov 18, 2021.
             Was the Champion of Makhleb.
             Shot with an arrow by a deep elf archer (12 damage)
             ... on level 14 of the Dungeon.
             The game lasted 00:40:02 (23324 turns).

jasper the Brawler (Ghoul Fighter)                 Turns: 23324, Time: 00:40:03

Health: 0/139      AC: 24    Str: 39    XL:     15   Next: 98%
Magic:  17/17      EV:  9    Int:  7    God:    Makhleb [******]
Gold:   841        SH: 12    Dex: 21    Spells: 12/14 levels left

rFire   + . .      SeeInvis +     - Unarmed
rCold   + . .      Faith    .   b - +1 buckler
rNeg    + + +      Spirit   .   l - +6 chain mail "Wott" {Rampage Str+3 Int+4}
rPois   ∞          Reflect  +   (no helmet)
rElec   .          Harm     .   S - +0 cloak
rCorr   .          Rampage  +   T - +1 pair of gloves {Dex+3}
Will    .....                   E - +0 pair of boots
Stlth   ..........              U - amulet "Lawkeweshru" {Reflect Rampage Dex+4 SH+5}
HPRegen 0.00/turn               F - ring "Paned" {+Blink rF+ rN+ Will- Str+5}
MPRegen 0.15/turn               C - ring "Yrylopoe" {Str+4 Dex+6 SInv}

@: inhibited regen, slowed, very slow
A: claws 1, cold resistance 1, negative energy resistance 3, inhibited
regeneration, torment resistance 2
a: Renounce Religion, Evoke Blink, Minor Destruction, Lesser Servant of Makhleb,
Major Destruction, Greater Servant of Makhleb


You were on level 14 of the Dungeon.
You worshipped Makhleb.
Makhleb was exalted by your worship.
You visited 3 branches of the dungeon, and saw 22 of its levels.
You also visited: Ossuary, Gauntlet and Ice Cave.

You collected 1965 gold pieces.
You spent 1124 gold pieces at shops.

Inventory:

Missiles
 k - 108 poisoned darts (quivered)
 q - 5 atropa-tipped darts
 r - 8 javelins
 J - 7 silver javelins
 Q - 12 boomerangs
 Y - 2 throwing nets
Armour
 b - a +1 buckler (worn)
 i - a +4 plate armour of cold resistance
 l - the +6 chain mail "Wott" (worn) {Rampage Str+3 Int+4}
   (You found it on level 2 of the Lair of Beasts)

   Str:       It affects your strength (+3).
   Int:       It affects your intelligence (+4).
   Rampage:   It bestows one free step when moving towards enemies.
 E - a +0 pair of boots (worn)
 R - a +0 kite shield
 S - a +0 cloak (worn)
 T - a +1 pair of gloves of dexterity (worn)
Jewellery
 c - a ring of resist corrosion
 m - the ring of Azxeigeff {rN+ Will+ Int+4}
   (You found it in a Gauntlet)

   [ring of willpower]

   Int:       It affects your intelligence (+4).
   rN:        It protects you from negative energy.
   Will:      It increases your willpower.
 C - the ring "Yrylopoe" (right hand) {Str+4 Dex+6 SInv}
   (You found it in a Gauntlet)

   [ring of dexterity]

   Str:       It affects your strength (+4).
   Dex:       It affects your dexterity (+6).
   SInv:      It lets you see invisible.
 F - the ring "Paned" (left hand) {+Blink rF+ rN+ Will- Str+5}
   (You found it on level 4 of the Lair of Beasts)

   [ring of protection from fire]

   Str:       It affects your strength (+5).
   rF:        It protects you from fire.
   rN:        It protects you from negative energy.
   +Blink:    It lets you blink.
   Will:      It decreases your willpower.
 U - the amulet "Lawkeweshru" (around neck) {Reflect Rampage Dex+4 SH+5}
   (You acquired it in an ice cave)

   [amulet of reflection]

   It reflects blocked missile attacks.
   Dex:       It affects your dexterity (+4).
   SH:        It affects your SH (+5).
   Rampage:   It bestows one free step when moving towards enemies.
Wands
 d - a wand of iceblast (5)
 e - a wand of acid (8)
 p - a wand of paralysis (23)
 u - a wand of polymorph (7)
 x - a wand of charming (18)
 D - a wand of flame (14)
 M - a wand of digging (3)
Scrolls
 j - 6 scrolls of enchant armour
 w - 3 scrolls of fear
 y - 3 scrolls of summoning
 z - 2 scrolls of silence
 A - 6 scrolls of magic mapping
 H - 9 scrolls of teleportation
 L - a scroll of fog
 N - 2 scrolls of vulnerability
 O - a scroll of holy word
 V - a scroll of blinking
 W - 4 scrolls of amnesia
 X - 6 scrolls of identify
Potions
 a - a potion of invisibility
 f - 3 potions of heal wounds
 g - 19 potions of curing
 h - 3 potions of mutation
 n - a potion of cancellation
 o - 4 potions of haste
 s - 2 potions of flight
 t - 4 potions of might
 v - 2 potions of ambrosia
 B - 6 potions of attraction
 G - 2 potions of resistance
 I - 3 potions of berserk rage
 K - 2 potions of magic
 P - 2 potions of brilliance
Miscellaneous
 Z - a tin of tremorstones (1/2)


   Skills:
 + Level 14.8 Fighting
 + Level 12.6 Armour
 - Level 4.0 Shields
 - Level 20.0 Unarmed Combat
 - Level 4.7 Invocations
 - Level 8.0 Evocations


You had 12 spell levels left.
You knew the following spells:

 Your Spells              Type           Power      Damage    Failure   Level
a - Blink                 Tloc           0%         N/A       88%         2

Your spell library contained the following spells:

 Spells                   Type           Power      Damage    Failure   Level
 Foxfire                  Conj/Fire      0%         2x1d4     77%         1
 Freeze                   Ice            0%         1d3       77%         1
 Magic Dart               Conj           0%         1d3       77%         1
 Ensorcelled Hibernation  Hex/Ice        0%         N/A       88%         2
 Passwall                 Tmut/Erth      0%         N/A       88%         2
 Searing Ray              Conj           0%         2d4       88%         2
 Conjure Flame            Conj/Fire      0%         6-21      98%         3
 Frozen Ramparts          Ice            0%         1d2       98%         3
 Gell's Gravitas          Tloc           0%         N/A       98%         3
 Ignite Poison            Fire/Tmut/Pois 0%         N/A       98%         3
 Inner Flame              Hex/Fire       0%         N/A       98%         3
 Lesser Beckoning         Tloc           0%         N/A       98%         3
 Stone Arrow              Conj/Erth      0%         3d7       98%         3
 Teleport Other           Tloc           0%         N/A       98%         3
 Airstrike                Air            0%         N/A       100%        4
 Animate Armour           Summ/Erth      0%         N/A       100%        4
 Flame Wave               Conj/Fire      0%         3d3       100%        4
 Fulminant Prism          Conj/Hex       0%         3d6       100%        4
 Hailstorm                Conj/Ice       0%         3d3       100%        4
 Iskenderun's Mystic Bla  Conj/Tloc      0%         2d3       100%        4
 Sticky Flame             Conj/Fire      0%         2d3       100%        4
 Summon Lightning Spire   Summ/Air       0%         N/A       100%        4
 Alistair's Intoxication  Tmut/Pois      0%         N/A       100%        5
 Lee's Rapid Deconstruct  Erth           0%         3d5*      100%        5
 Lightning Bolt           Conj/Air       0%         1d11      100%        5
 Manifold Assault         Tloc           0%         N/A       100%        5
 Summon Mana Viper        Hex/Summ       0%         N/A       100%        5
 Dispersal                Tloc           0%         N/A       100%        6
 Lehudib's Crystal Spear  Conj/Erth      0%         10d2      100%        8
 Spider Form              Tmut/Pois      Unusable   N/A       N/A         3

Dungeon Overview and Level Annotations

Branches:
Dungeon (14/15)            Temple (0/1) D:6            Lair (6/6) D:10
  Swamp (0/4) Lair:3       Spider (0/4) Lair:2        Slime (0/5) Lair:6
    Orc (2/2) D:12            Elf (0/3) Orc:2       Ossuary (visited)
  IceCv (visited)         Gauntlet (visited)
 Vaults: D:13-14

Altars:
Cheibriados
Dithmenos
Fedhas
Makhleb
Nemelex Xobeh
Qazlal
Ru
Sif Muna
Trog
Wu Jian
Zin
Jiyva

Shops:
D:4 (   D:12 (   Orc:1 [   Orc:2 (*[(

Annotations:
D:4 2 transporters, axecop's ghost, amateur DsAK
D:9 2 transporters
D:13 2 transporters, Qemisi's ghost, journeyman OgTm
Lair:1 exclusion: oklob plant


Innate Abilities, Weirdness & Mutations

You thrive by killing the living.
You are immune to poison.
You have sharp fingernails.
Your flesh is cold resistant. (rC+)
You are immune to negative energy. (rN+++)
You do not regenerate when monsters are visible.
You are immune to unholy pain and torment.


Message History

The deep elf archer casts a spell.
The deep elf archer blinks!
You start resting.
A deep elf archer is nearby!
The deep elf archer shoots an arrow.
You reflect the arrow off an invisible shield around you!
The arrow misses the deep elf archer.
The deep elf archer points at you and mumbles some strange words.
You are confused.
The deep elf archer shoots an arrow.
The arrow hits you!
You take 8 damage, and have 76/139 hp.
The deep elf archer casts a spell at you.
You are more confused.
The deep elf archer shoots an arrow.
The arrow hits you.
You take 4 damage, and have 72/139 hp.
The deep elf archer shoots an arrow.
The arrow hits you.
The deep elf archer casts a spell at you.
You barely resist.
You take 6 damage, and have 66/139 hp.
You bump into the rock wall.
The deep elf archer gestures at you while chanting.
You are more confused.
The deep elf archer shoots an arrow.
The arrow hits you but does no damage.
The deep elf archer shoots an arrow.
The arrow closely misses you.
The deep elf archer casts a spell.
The deep elf archer blinks!
You bump into the rock wall.
The deep elf archer gestures at you while chanting.
You barely resist.
The deep elf archer shoots an arrow.
The arrow hits you!!
You take 21 damage, and have 46/139 hp.
The deep elf archer casts a spell at you.
You barely resist.
The deep elf archer shoots an arrow.
The arrow hits you!
* * * LOW HITPOINT WARNING * * *
The deep elf archer shoots an arrow.
The arrow hits you!!
* * * LOW HITPOINT WARNING * * *
You take 34 damage, and have 12/139 hp.
MASSIVE DAMAGE!!
You feel less confused.
The deep elf archer shoots an arrow.
The arrow hits you!
You die...

####..###'''###..#
#.≈≈≈≈≈≈≈.).≈≈≈≈≈≈
#.≈≈≈≈≈≈≈...≈≈≈≈≈≈ ##
####.≈≈≈≈≈≈.$.≈≈≈≈≈≈ .#
#.....≈≈≈≈.....≈≈≈≈. .#
#..<...........^.... .###
#......#......##....
...###########................###
.#........#..#..@...#..(....###
.########.#..#......#.......# .#
#...e.###..##.......# .#
###...####.#######..# .#
#.....#.#..# ##....# .#
#.##..#.##.###..##.## .#
##.###...##..........#### .#
.....#................... .#
.........###.............


You could see a deep elf archer (repels missiles).

Vanquished Creatures
  Jorgrun (Orc:1)
  Frances (D:13)
  Donald (Orc:2)
  A minotaur (Gauntlet)
  Snorg (Lair:6)
  Josephine (D:13)
  An ettin (Orc:2)
  2 vault guards (D:14)
  3 boulder beetles
  12 hydras
  2 centaur warriors (D:13)
  A catoblepas (Lair:2)
  4 two-headed ogres
  A tengu warrior (D:10)
  11 death yaks
  Urug (Lair:6)
  Nergalle (Lair:3)
  2 goliath frogs (Lair:6)
  A wizard (D:14)
  A deep elf pyromancer (D:11)
  3 orc knights
  2 orc sorcerers
  5 cyclopes
  2 manticores
  3 ugly things
  5 black mambas
  An ice statue (IceCv)
  17 elephants
  2 unseen horrors (D:12)
  A gargoyle (D:14)
  2 rime drakes
  23 cane toads
  Psyche (D:9)
  8 komodo dragons
  A polar bear (Lair:5)
  8 meliai
  4 trolls
  3 tyrant leeches (Lair:6)
  3 hornets (Gauntlet)
  Prince Ribbit (Lair:3)
  3 slime creatures (D:14)
  Grinder (D:3)
  30 blink frogs
  15 dream sheep
  A shadow (D:9)
  11 wraiths
  A vampire (D:11)
  42 yaks
  2 wyverns
  4 basilisks
  2 steam dragons
  3 chaos spawn (Gauntlet)
  A neqoxec (Gauntlet)
  12 vampire mosquitoes
  A death yak simulacrum (IceCv)
  Menkaure (D:4)
  2 wargs
  3 swamp worms (Lair:3)
  13 water moccasins
  29 orc warriors
  2 black bears
  A necrophage (D:6)
  5 ogres
  11 wolves
  12 centaurs
  2 kobold brigands (D:9)
  16 bullfrogs
  4 scorpions
  16 killer bees (D:9)
  12 wights
  2 electric eels
  2 howler monkeys
  A crimson imp (D:6)
  5 hounds
  A centaur skeleton (D:3)
  A jelly (D:4)
  6 orc priests
  4 hell rats (Lair:4)
  4 iguanas
  13 orc wizards
  3 polar bear simulacra (IceCv)
  A wolf simulacrum (IceCv)
  A hound skeleton (D:5)
  7 adders
  2 howler monkey skeletons
  A shadow imp (D:7)
  A white imp (D:6)
  An ufetubus (D:4)
  An adder skeleton (D:3)
  2 adder zombies (Ossuary)
  A worm (D:5)
  A dart slug (D:2)
  46 orcs
  3 bats (D:3)
  7 endoplasms
  3 giant cockroaches
  11 goblins
  8 hobgoblins
  13 kobolds
  5 quokkas
  3 training dummies (D:4)
  7 ball pythons
  2 ball python skeletons (Ossuary)
  3 frilled lizards
  3 hobgoblin skeletons (Ossuary)
  A hobgoblin zombie (Ossuary)
  An orc zombie (Ossuary)
  3 rats (D:2)
582 creatures vanquished.

Vanquished Creatures (collateral kills)
  A cyclops (D:13)
  A meliai (D:13)
  An acid dragon (D:13)
3 creatures vanquished.

Vanquished Creatures (others)
  An orc (D:10)
  A demonic plant (Gauntlet)
  30 fungi
  106 plants
  4 withered plants (Gauntlet)
142 creatures vanquished.

Grand Total: 727 creatures vanquished

Notes
Turn   | Place    | Note
-------+----------+-------------------------------------------
     0 | D:1      | jasper the Ghoul Fighter began the quest for the Orb.
     0 | D:1      | Reached XP level 1. HP: 19/19 MP: 0/0
   192 | D:1      | Reached XP level 2. HP: 23/26 MP: 1/1
   559 | D:1      | Found a faded altar of an unknown god.
   898 | D:2      | Reached XP level 3. HP: 28/31 MP: 2/2
  1515 | D:3      | Found a burning altar of Makhleb.
  1515 | D:3      | Noticed a balrug
  1517 | D:3      | Noticed a black bear
  1527 | D:3      | Noticed a hellwing
  1527 | D:3      | Noticed a smoke demon
  1529 | D:3      | Became a worshipper of Makhleb the Destroyer
  1537 | D:3      | Killed a black bear
  1538 | D:3      | Reached skill level 3 in Unarmed Combat
  1538 | D:3      | Reached XP level 4. HP: 20/40 MP: 3/3
  1538 | D:3      | Reached XP level 5. HP: 23/46 MP: 4/4
  1568 | D:3      | Noticed Grinder
  1574 | D:3      | Killed Grinder
  1575 | D:3      | Reached skill level 4 in Unarmed Combat
  1575 | D:3      | Reached XP level 6. HP: 37/53 MP: 5/5
  1978 | D:3      | Reached skill level 5 in Unarmed Combat
  2271 | D:4      | Reached * piety under Makhleb
  2466 | D:4      | Found a transporter.
  2508 | D:4      | Reached XP level 7. HP: 50/60 MP: 6/6
  2598 | D:4      | Reached skill level 5 in Fighting
  2694 | D:4      | Reached skill level 6 in Unarmed Combat
  2759 | D:4      | Found Omeqom's Firing Range.
  2825 | D:4      | Noticed Menkaure
  2837 | D:4      | Killed Menkaure
  3060 | D:4      | Noticed axecop's ghost (amateur DsAK)
  3062 | D:4      | Identified the +1 dire flail of Jekleb {pain, Str+6}
  3068 | D:4      | Found a transporter.
  3130 | D:5      | Entered Level 5 of the Dungeon
  3207 | D:5      | Reached XP level 8. HP: 69/69 MP: 7/7
  3325 | D:5      | Reached skill level 7 in Unarmed Combat
  3589 | D:5      | Reached skill level 5 in Armour
  4074 | D:5      | Found a sparkling altar of Nemelex Xobeh.
  4276 | D:6      | Found a staircase to the Ecumenical Temple.
  4378 | D:6      | Found a blossoming altar of Fedhas.
  4408 | D:6      | Found an ornate altar of the Wu Jian Council.
  4454 | D:6      | Reached skill level 8 in Unarmed Combat
  4836 | D:6      | Reached XP level 9. HP: 68/78 MP: 8/8
  4915 | D:6      | Reached ** piety under Makhleb
  5264 | D:7      | Reached skill level 9 in Unarmed Combat
  6371 | D:8      | Identified the +7 dire flail "Moixkepa" {vorpal, rElec rC++
                  | Str+3 Int-4}
  6478 | D:8      | Reached skill level 10 in Unarmed Combat
  6502 | D:8      | Reached XP level 10. HP: 75/88 MP: 9/9
  6521 | D:8      | Reached skill level 11 in Unarmed Combat
  6774 | D:8      | Found a sand-covered staircase.
  6779 | Ossuary  | Entered an ossuary
  7256 | D:8      | Reached *** piety under Makhleb
  7277 | D:8      | Found a stormy altar of Qazlal.
  7494 | D:9      | Learned a level 2 spell: Blink
  7798 | D:9      | Noticed Psyche
  7805 | D:9      | Killed Psyche
  7806 | D:9      | Reached skill level 12 in Unarmed Combat
  7835 | D:9      | Noticed a two-headed ogre
  7848 | D:9      | Killed a two-headed ogre
  7867 | D:9      | Found a transporter.
  7885 | D:9      | Noticed a cyclops
  7893 | D:9      | Killed a cyclops
  7894 | D:9      | Reached XP level 11. HP: 61/97 MP: 10/10
  8037 | D:9      | Found a snail-covered altar of Cheibriados.
  8091 | D:9      | Found a transporter.
  8115 | D:9      | Found a sacrificial altar of Ru.
  8116 | D:9      | Found a shimmering blue altar of Sif Muna.
  8152 | D:9      | Found a shadowy altar of Dithmenos.
  8295 | D:10     | Entered Level 10 of the Dungeon
  8679 | D:10     | Reached skill level 13 in Unarmed Combat
  8709 | D:10     | Found a staircase to the Lair.
  8852 | D:10     | Reached **** piety under Makhleb
  9099 | D:10     | Reached skill level 10 in Fighting
  9246 | D:10     | Noticed a two-headed ogre
  9263 | D:10     | Killed a two-headed ogre
  9838 | D:11     | Noticed a tengu warrior
  9839 | D:11     | Noticed a deep elf pyromancer
  9866 | D:10     | Killed a tengu warrior
 10365 | D:11     | Found a frozen archway.
 10395 | IceCv    | Entered an ice cave
 10404 | IceCv    | Reached skill level 14 in Unarmed Combat
 10435 | IceCv    | Noticed a white ugly thing
 10443 | IceCv    | Killed a white ugly thing
 10464 | IceCv    | Identified a scroll of acquirement
 10464 | IceCv    | Acquired the amulet "Lawkeweshru" {Reflect Rampage Dex+4
                  | SH+5}
 10484 | IceCv    | Noticed a white ugly thing
 10783 | D:11     | Killed a deep elf pyromancer
 11141 | D:12     | Reached XP level 12. HP: 107/108 MP: 11/11
 11203 | D:12     | Found a staircase to the Orcish Mines.
 11563 | D:12     | Noticed a two-headed ogre
 11571 | D:12     | Killed a two-headed ogre
 11572 | D:12     | Reached skill level 15 in Unarmed Combat
 11589 | D:12     | Found Kipunon's Weapon Emporium.
 11917 | Lair:1   | Entered Level 1 of the Lair of Beasts
 11948 | Lair:1   | Reached skill level 1 in Invocations
 11953 | Lair:1   | Noticed a seven-headed hydra
 11976 | Lair:1   | Killed a seven-headed hydra
 12059 | Lair:1   | Found a gate leading to a gauntlet.
 12062 | Lair:1   | Noticed a seven-headed hydra
 12071 | Lair:1   | Killed a seven-headed hydra
 12077 | Gauntlet | Entered a Gauntlet
 12077 | Gauntlet | Found a transporter.
 12077 | Gauntlet | Found a runed translucent gate.
 12077 | Gauntlet | Found a runed translucent gate.
 12077 | Gauntlet | Found a runed translucent gate.
 12267 | Gauntlet | Found a transporter.
 12269 | Gauntlet | Found a transporter.
 12279 | Gauntlet | Found a transporter.
 12282 | Gauntlet | Found a transporter.
 12286 | Gauntlet | Found a runed translucent door.
 12287 | Gauntlet | Found a runed translucent door.
 12290 | Gauntlet | Found a transporter.
 12306 | Gauntlet | Found a transporter.
 12317 | Gauntlet | Found a transporter.
 12324 | Gauntlet | Noticed an entropy weaver
 12329 | Gauntlet | Found a transporter.
 12334 | Gauntlet | Found a transporter.
 12348 | Gauntlet | Found a transporter.
 12362 | Gauntlet | Found a transporter.
 12362 | Gauntlet | Found a transporter.
 12412 | Gauntlet | Found a transporter.
 12630 | Gauntlet | Identified the ring of Azxeigeff {rN+ Will+ Int+4}
 12635 | Gauntlet | Identified the ring "Yrylopoe" {Str+4 Dex+6 SInv}
 12796 | Gauntlet | Noticed a minotaur
 12805 | Gauntlet | Killed a minotaur
 12813 | Gauntlet | Got the Compendium of Creative Shape Shifting
 12959 | Lair:1   | Found an ornate altar of the Wu Jian Council.
 13064 | Lair:1   | Noticed a five-headed hydra
 13069 | Lair:1   | Killed a five-headed hydra
 13070 | Lair:1   | Reached skill level 10 in Armour
 13070 | Lair:1   | Reached XP level 13. HP: 117/117 MP: 15/15
 13316 | Lair:2   | Reached skill level 16 in Unarmed Combat
 13620 | Lair:2   | Found a hole to the Spider Nest.
 13963 | Lair:2   | Identified the +6 chain mail "Wott" {Rampage Str+3 Int+4}
 14528 | Lair:3   | Noticed Prince Ribbit
 14536 | Lair:3   | Killed Prince Ribbit
 14635 | Lair:3   | Reached skill level 17 in Unarmed Combat
 14679 | Lair:3   | Found a staircase to the Swamp.
 15253 | Lair:3   | Noticed Nergalle
 15258 | Lair:3   | Killed Nergalle
 16037 | Lair:4   | Identified the ring "Paned" {+Blink rF+ rN+ Will- Str+5}
 16102 | Lair:4   | Reached skill level 1 in Evocations
 16542 | Lair:5   | Reached XP level 14. HP: 129/129 MP: 16/16
 16551 | Lair:5   | Reached ***** piety under Makhleb
 16666 | Lair:5   | Reached skill level 5 in Evocations
 16834 | Lair:5   | Found an ornate altar of the Wu Jian Council.
 17798 | Lair:6   | Entered Level 6 of the Lair of Beasts
 18090 | Lair:6   | Reached skill level 18 in Unarmed Combat
 18121 | Lair:6   | Found a staircase to the Slime Pits.
 18121 | Lair:6   | Found a viscous altar of Jiyva.
 18302 | Lair:6   | Reached XP level 15. HP: 136/136 MP: 17/17
 18365 | Lair:6   | Reached ****** piety under Makhleb
 18481 | Lair:6   | Noticed Urug
 18488 | Lair:6   | Killed Urug
 18624 | Lair:6   | Noticed Snorg
 18642 | Lair:6   | Killed Snorg
 19389 | Orc:1    | Entered Level 1 of the Orcish Mines
 19413 | Orc:1    | Noticed Jorgrun
 19428 | Orc:1    | Killed Jorgrun
 19429 | Orc:1    | Reached skill level 19 in Unarmed Combat
 19694 | Orc:1    | Found Rashon's Antique Armour Shop.
 19708 | Orc:1    | Bought a pair of runed gloves for 165 gold pieces
 19708 | Orc:1    | Bought a tower shield for 99 gold pieces
 19884 | Orc:2    | Entered Level 2 of the Orcish Mines
 19900 | Orc:2    | Found a staircase to the Elven Halls.
 20211 | Orc:2    | Found Ehireehu's General Store.
 20211 | Orc:2    | Found Aneduarch's Armour Boutique.
 20214 | Orc:2    | Found Edaj's Antique Weapon Shop.
 20216 | Orc:2    | Found Ororap's Antique Weapon Emporium.
 20223 | Orc:2    | Bought a potion of resistance for 150 gold pieces
 20228 | Orc:2    | Bought a +0 kite shield for 45 gold pieces
 20228 | Orc:2    | Bought a +1 pair of gloves of dexterity for 165 gold pieces
 20228 | Orc:2    | Bought a +4 plate armour of cold resistance for 500 gold
                  | pieces
 20270 | Orc:2    | Noticed Donald
 20296 | Orc:2    | Killed Donald
 21205 | D:13     | HP: 4/139 [acid (9)]
 21526 | D:13     | Noticed Qemisi's ghost (journeyman OgTm)
 21532 | D:13     | Found a transporter.
 21536 | D:13     | Found a transporter.
 21549 | D:13     | Found a bloodstained altar of Trog.
 22181 | D:14     | Noticed Frances
 22181 | D:14     | Noticed Josephine
 22194 | D:13     | Killed Frances
 22255 | D:13     | Killed Josephine
 23091 | D:14     | Identified the +6 scale mail of Lust {rElec rC+ Regen+
                  | Int-5}
 23123 | D:14     | Reached skill level 20 in Unarmed Combat
 23324 | D:14     | Shot with an arrow by a deep elf archer

Illustrated notes

Levels and vault maps discovered:
D:1:      heliophobic_arrival_henge, layout_loops_cross,
          hellmonk_ecumenical_altar_crossroads
D:2:      layout_rooms
D:3:      layout_rooms, makhleb_altar_promises_db, minmay_joined_circles,
          uniq_grinder
D:4:      layout_cave_pools, gammafunk_ghost_smash, kennysheep_flooded_box,
          nicolae_shop_firing_range, uniq_menkaure
D:5:      minmay_spotlight, layout_basic, kennysheep_little_box
D:6:      layout_basic, mainiacjoe_overflow_tiny_flanked,
          nicolae_wu_jian_wuxing_cycle, minmay_temple_entry_ruins,
          minmay_misc_feat_rows, minmay_fire_ice_demons
D:7:      layout_layer_cave
D:8:      layout_basic, grunt_qazlal_sundering, enter_ossuary_2
D:9:      gammafunk_cloud_chamber, layout_basic, grunt_dithmenos_shadows,
          cheibriados_altar_1, minitemple, nrook_loot_triangle, uniq_psyche
D:10:     layout_basic, zin_scriptorium, david_lair_generic
D:11:     kennysheep_blocky_room, layout_cave_pools,
          portal_ice_cave_entry_pillars_1, minmay_misc_feat_x
D:12:     layout_roguey, orc_0_dummy, serial_shops,
          nicolae_shop_bloodbath_and_beyond
D:13:     layout_rooms, gammafunk_ghost_wrathful_warriors, glass_columns_c
D:14:     layout_rooms, grunt_vaults_entry_fortified,
          nicolae_figureground_sparkle, uniq_frances, uniq_josephine
Lair:1:   layout_cave_shapes, gauntlet_entry_generic, lemuel_oklob_altar
Lair:2:   layout_chaotic_city, spider_nest_entry_web_field
Lair:3:   layout_cave_pods, nicolae_swamp_entry_splash_gauntlet, st_stairs_11,
          beast_lair_carwin_9, uniq_prince_ribbit2, uniq_nergalle
Lair:4:   layout_cave_pods, st_stairs_3, grunt_megastairs_1,
          serial_bayou_shore_a
Lair:5:   layout_layer_cave, basic_altar, hibernation_bobbens
Lair:6:   minmay_lair_end_frog_pond, layout_cave_pods, slime_altar_1,
          infiniplex_staircase_pool, uniq_snorg, uniq_urug
Orc:1:    layout_caves, serial_shops, nicolae_shop_trees, basic_altar,
          uniq_jorgrun
Orc:2:    st_orc_rangers, layout_caves, uniq_donald

Skill      XL: |  1  2  3  4  5  6  7  8  9 10 11 12 13 14 15 |
---------------+----------------------------------------------+-----
Shields        | 3 4 |  4.0
Armour         | 3 4 5 6 7 9 10 11 12 | 12.6
Unarmed Combat | 3 4 5 6 8 10 12 14 15 17 18 20 | 20.0
Fighting       | 4 5 6 8 9 10 11 13 14 | 14.8
Invocations    | 4 |  4.7
Evocations     | 2 8 |  8.0

Action                   |  1- 3 |  4- 6 |  7- 9 | 10-12 | 13-15 || total
-------------------------+-------+-------+-------+-------+-------++-------
Melee: Unarmed           |   113 |   124 |   299 |   604 |  1026 ||  2166
Throw: Stone             |       |     4 |     4 |       |       ||     8
       Dart              |       |       |    43 |    19 |     2 ||    64
       Throwing net      |       |       |     1 |       |       ||     1
Invok: Lesser Servant of |       |       |       |     1 |     7 ||     8
Evoke: Wand              |       |       |       |     2 |     4 ||     6
       Tin of tremorston |       |       |       |       |     2 ||     2
  Use: Scroll            |     4 |     4 |     9 |    11 |     4 ||    32
       Potion            |       |     1 |       |       |     1 ||     2
 Stab: Paralysed         |       |       |       |     3 |       ||     3
       Distracted        |       |       |       |       |     2 ||     2
Armor: Scale mail        |    31 |    36 |       |   109 |    37 ||   213
       Plate armour      |       |    31 |    73 |   199 |       ||   303
       Chain mail        |       |       |       |       |   411 ||   411
Dodge: Dodged            |    43 |    47 |    49 |   160 |   325 ||   624
Block: Buckler           |    27 |    30 |    45 |   159 |   543 ||   804
       Reflection        |       |       |       |       |    54 ||    54

Table legend: (Time is in decaauts)
 A = Elapsed time spent in this place.
 B = Non-inter-level travel time spent in this place.
 C = Inter-level travel time spent in this place.
 D = Time resting spent in this place.
 E = Time spent auto-exploring this place.
 F = Levels seen in this place.
 G = Mean time per level.
                   A        B        C        D        E       F      G
               +--------+--------+--------+--------+--------+-----+--------+
         Total |  22842 |  21938 |    904 |   2864 |  14310 |  25 |  913.7 |
       Dungeon |  13656 |  13120 |    536 |   1818 |   8723 |  14 |  975.4 |
          Lair |   6427 |   6125 |    302 |    539 |   4183 |   6 | 1071.2 |
  Orcish Mines |   1594 |   1528 |     66 |    374 |    815 |   2 |  797.0 |
       Ossuary |    339 |    339 |      0 |      0 |    176 |   1 |  339.0 |
      Ice Cave |    103 |    103 |      0 |      0 |      2 |   1 |  103.0 |
      Gauntlet |    722 |    722 |      0 |    133 |    410 |   1 |  722.0 |
               +--------+--------+--------+--------+--------+-----+--------+

Top non-repeatable levels by time:
    D:10: 1806 daAuts
    D:13: 1397 daAuts
     D:7: 1369 daAuts
  Lair:6: 1333 daAuts
  Lair:5: 1246 daAuts
  Lair:4: 1145 daAuts
   Orc:2: 1075 daAuts
  Lair:3: 1054 daAuts
     D:5: 991 daAuts
  Lair:2: 983 daAuts
    D:11: 929 daAuts
     D:3: 868 daAuts
     D:4: 855 daAuts
    D:14: 853 daAuts
     D:6: 850 daAuts
